General information
- name: BNet
- type: Ladder team game (AT/RT)
- host: Battle.net
- saver: dumb_retard
map: Slalom
- players: 8
- length: 56:51
- speed: Fast
- version: 1.24 W3XP
- replay type: Public
» download(343 KB)
Players
team 1 (winner)
dumb_retard (
pink | 54 APM | 3045 actions | 56:51)
9 Blood Mage
3 Flame Strike
3 Siphon Mana
1 Summon Phoenix
2 Banish
» actions
| Assign group hotkey | 42 | |
| Basic commands | 82 | |
| Build / train | 163 | |
| ESC pressed | 3 | |
| Enter build submenu | 54 | |
| Enter hero's abilities submenu | 9 | |
| Give item / drop item | 1 | |
| Right click | 1393 | |
| Select / deselect | 358 | |
| Select group hotkey | 552 | |
| Use ability | 388 | |
3045 total
» units
| Peasant | 46 | |
| Sorceress | 4 | |
| Flying Machine | 1 | |
51 total
» upgrades
| Masonry | 3 | |
| Magic Sentry | 1 | |
| Lumber Harvesting | 2 | |
| Fragmentation Shards | 1 | |
| Sorceress Training | 2 | |
9 total
» buildings
| Altar of Kings | 1 | |
| Farm | 4 | |
| Lumber Mill | 2 | |
| Town Hall | 3 | |
| Scout Tower | 173 | |
| Guard Tower | 45 | |
| Arcane Tower | 6 | |
| Keep | 1 | |
| Arcane Sanctum | 1 | |
| Arcane Vault | 2 | |
| Blacksmith | 1 | |
| Castle | 1 | |
| Workshop | 1 | |
241 total
» build order
00:09 Altar of Kings
00:17 Farm
00:58 Lumber Mill
01:29 Farm
01:53 Farm
02:29 Farm
04:05 Town Hall
04:12 Scout Tower
04:12 Scout Tower
04:13 Scout Tower
04:14 Scout Tower
04:15 Scout Tower
04:15 Scout Tower
04:16 Scout Tower
04:17 Scout Tower
04:47 Lumber Mill
04:54 Guard Tower
04:57 Arcane Tower
04:58 Arcane Tower
04:58 Arcane Tower
05:11 Guard Tower
05:15 Guard Tower
05:34 Guard Tower
05:42 Guard Tower
06:05 Keep
06:26 Guard Tower
06:31 Scout Tower
06:32 Scout Tower
06:33 Scout Tower
06:34 Scout Tower
06:35 Scout Tower
07:43 Town Hall
07:47 Scout Tower
07:48 Scout Tower
07:48 Scout Tower
07:49 Scout Tower
07:49 Scout Tower
07:50 Scout Tower
07:51 Scout Tower
07:53 Scout Tower
08:25 Guard Tower
08:28 Scout Tower
08:29 Scout Tower
08:32 Scout Tower
08:33 Scout Tower
08:34 Scout Tower
08:34 Scout Tower
08:35 Scout Tower
08:36 Scout Tower
08:37 Scout Tower
08:38 Scout Tower
08:38 Scout Tower
08:39 Scout Tower
08:42 Scout Tower
08:42 Scout Tower
09:04 Guard Tower
09:07 Guard Tower
09:20 Guard Tower
09:23 Arcane Sanctum
09:35 Guard Tower
09:39 Arcane Vault
09:58 Blacksmith
10:01 Guard Tower
10:03 Guard Tower
10:08 Guard Tower
10:15 Guard Tower
10:15 Guard Tower
10:21 Guard Tower
11:04 Castle
11:24 Workshop
12:10 Scout Tower
12:10 Scout Tower
12:11 Scout Tower
12:12 Scout Tower
12:14 Scout Tower
12:15 Scout Tower
12:16 Scout Tower
12:16 Scout Tower
12:17 Scout Tower
12:18 Scout Tower
12:18 Scout Tower
12:19 Scout Tower
12:20 Scout Tower
12:21 Scout Tower
12:22 Scout Tower
12:23 Scout Tower
12:43 Scout Tower
12:44 Scout Tower
12:47 Scout Tower
12:47 Scout Tower
12:48 Scout Tower
12:49 Scout Tower
12:50 Scout Tower
12:51 Scout Tower
12:51 Scout Tower
12:51 Scout Tower
12:52 Scout Tower
12:52 Scout Tower
12:54 Scout Tower
12:55 Scout Tower
12:55 Scout Tower
12:58 Scout Tower
12:59 Scout Tower
13:07 Guard Tower
13:56 Guard Tower
14:02 Guard Tower
14:08 Guard Tower
14:36 Guard Tower
14:56 Guard Tower
14:58 Arcane Vault
15:08 Guard Tower
15:52 Scout Tower
15:53 Scout Tower
15:53 Scout Tower
15:53 Scout Tower
15:54 Scout Tower
15:54 Scout Tower
15:55 Scout Tower
15:55 Scout Tower
15:55 Scout Tower
16:44 Guard Tower
16:46 Scout Tower
16:48 Scout Tower
16:48 Scout Tower
16:48 Scout Tower
16:49 Scout Tower
16:50 Scout Tower
16:50 Scout Tower
16:51 Scout Tower
16:51 Scout Tower
16:51 Scout Tower
16:52 Scout Tower
17:10 Guard Tower
17:19 Scout Tower
17:20 Scout Tower
17:21 Scout Tower
17:22 Scout Tower
17:23 Scout Tower
17:23 Scout Tower
17:23 Scout Tower
17:24 Scout Tower
17:26 Scout Tower
17:26 Scout Tower
17:41 Guard Tower
18:08 Guard Tower
18:11 Guard Tower
18:16 Guard Tower
19:00 Guard Tower
19:34 Scout Tower
19:35 Scout Tower
19:36 Scout Tower
19:36 Scout Tower
19:37 Scout Tower
19:37 Scout Tower
19:38 Guard Tower
19:38 Guard Tower
20:27 Scout Tower
20:27 Scout Tower
20:28 Scout Tower
20:28 Scout Tower
20:29 Scout Tower
20:29 Scout Tower
20:29 Scout Tower
20:30 Scout Tower
20:31 Scout Tower
20:37 Scout Tower
20:39 Guard Tower
20:43 Scout Tower
20:43 Scout Tower
20:43 Scout Tower
20:44 Scout Tower
20:45 Scout Tower
20:46 Scout Tower
20:46 Scout Tower
20:47 Scout Tower
21:26 Guard Tower
22:19 Guard Tower
23:24 Guard Tower
23:58 Guard Tower
25:53 Scout Tower
25:53 Scout Tower
25:54 Scout Tower
25:54 Scout Tower
25:55 Scout Tower
25:55 Scout Tower
25:56 Scout Tower
26:08 Scout Tower
26:08 Scout Tower
26:11 Scout Tower
26:12 Scout Tower
26:12 Scout Tower
26:13 Scout Tower
26:14 Scout Tower
26:14 Scout Tower
26:15 Scout Tower
27:46 Guard Tower
28:04 Guard Tower
28:29 Scout Tower
28:29 Scout Tower
28:30 Scout Tower
28:30 Scout Tower
28:31 Scout Tower
28:31 Scout Tower
28:31 Scout Tower
28:32 Scout Tower
28:32 Scout Tower
28:33 Scout Tower
28:33 Scout Tower
28:34 Scout Tower
28:35 Scout Tower
28:36 Scout Tower
28:36 Scout Tower
28:37 Scout Tower
28:37 Scout Tower
28:38 Scout Tower
28:38 Scout Tower
28:39 Scout Tower
28:39 Scout Tower
29:38 Guard Tower
29:40 Guard Tower
29:57 Guard Tower
34:12 Guard Tower
52:25 Town Hall
52:37 Scout Tower
52:38 Scout Tower
52:38 Scout Tower
52:39 Scout Tower
52:39 Scout Tower
52:40 Scout Tower
52:40 Scout Tower
52:40 Scout Tower
52:41 Scout Tower
52:42 Scout Tower
52:42 Scout Tower
52:43 Scout Tower
53:44 Arcane Tower
53:48 Arcane Tower
53:50 Arcane Tower
» items
| Scroll of Regeneration | 6 | |
| Lesser Clarity Potion | 4 | |
| Boots of Speed | 1 | |
| Potion of Invisibility | 1 | |
| Staff of Teleportation | 1 | |
| Potion of Mana | 2 | |
| Ivory Tower | 20 | |
| Potion of Healing | 1 | |
| Orb of Lightning | 1 | |
| Scroll of Speed | 1 | |
| Scroll of Town Portal | 1 | |
39 total

»
12ancor (
orange | 60 APM | 3407 actions | 56:50)
7 Archmage
3 Summon Water Elemental
3 Brilliance Aura
1 Mass Teleport
7 Mountain King
3 Storm Bolt
3 Bash
1 Avatar
6 Paladin
3 Holy Light
2 Divine Shield
1 Resurrection
» actions
| Assign group hotkey | 62 | |
| Basic commands | 280 | |
| Build / train | 185 | |
| ESC pressed | 3 | |
| Enter build submenu | 27 | |
| Enter hero's abilities submenu | 21 | |
| Give item / drop item | 9 | |
| Right click | 1108 | |
| Select / deselect | 511 | |
| Select group hotkey | 923 | |
| Use ability | 276 | |
3407 total
» units
| Peasant | 34 | |
| Footman | 2 | |
| Rifleman | 8 | |
| Mortar Team | 26 | |
| Sorceress | 10 | |
| Priest | 10 | |
| Siege Engine | 1 | |
| Knight | 2 | |
| Flying Machine | 3 | |
| Spell Breaker | 1 | |
97 total
» upgrades
| Gunpowder | 3 | |
| Armor | 3 | |
| Long Rifles | 1 | |
| Flare | 1 | |
| Lumber Harvesting | 1 | |
| Fragmentation Shards | 1 | |
| Sorceress Training | 2 | |
| Priest Training | 2 | |
| Magic Sentry | 1 | |
| Animal War Training | 1 | |
16 total
» buildings
| Altar of Kings | 1 | |
| Farm | 9 | |
| Barracks | 1 | |
| Blacksmith | 1 | |
| Arcane Vault | 1 | |
| Keep | 3 | |
| Lumber Mill | 1 | |
| Workshop | 1 | |
| Castle | 4 | |
| Arcane Sanctum | 1 | |
| Town Hall | 2 | |
| Guard Tower | 7 | |
| Scout Tower | 5 | |
37 total
» build order
00:06 Altar of Kings
00:11 Farm
00:39 Barracks
01:22 Farm
01:40 Blacksmith
02:32 Farm
02:35 Farm
02:39 Arcane Vault
03:41 Keep
03:42 Keep
03:42 Keep
03:54 Lumber Mill
06:08 Workshop
06:45 Castle
06:45 Castle
06:45 Castle
07:30 Farm
08:48 Arcane Sanctum
08:54 Farm
11:00 Farm
12:07 Farm
15:55 Farm
16:01 Town Hall
17:19 Guard Tower
17:19 Guard Tower
29:48 Scout Tower
29:52 Scout Tower
30:32 Guard Tower
35:07 Scout Tower
37:07 Town Hall
37:13 Scout Tower
41:44 Guard Tower
41:44 Guard Tower
41:45 Guard Tower
42:10 Scout Tower
» items
| Potion of Healing | 3 | |
| Orb of Fire | 4 | |
| Scroll of Town Portal | 1 | |
| Ivory Tower | 8 | |
| Scroll of Regeneration | 1 | |
| Staff of Sanctuary | 1 | |
| Staff of Teleportation | 1 | |
| Boots of Speed | 1 | |
| Lesser Clarity Potion | 1 | |
21 total

»
dah.pain (
red | 69 APM | 3900 actions | 56:50)
7 Shadow Hunter
3 Healing Wave
2 Serpent Ward
1 Big Bad Voodoo
1 Hex
» actions
| Assign group hotkey | 43 | |
| Basic commands | 5 | |
| Build / train | 111 | |
| Enter build submenu | 24 | |
| Enter hero's abilities submenu | 7 | |
| Give item / drop item | 4 | |
| Remove unit from queue | 6 | |
| Right click | 1952 | |
| Select / deselect | 791 | |
| Select group hotkey | 834 | |
| Use ability | 123 | |
3900 total
» units
| Peon | 15 | |
| Grunt | 19 | |
| Shaman | 12 | |
| Troll Witch Doctor | 12 | |
| Wind Rider | 2 | |
| Troll Batrider | 12 | |
72 total
» upgrades
| Berserker Strength | 1 | |
| Melee Weapons | 3 | |
| Armor | 3 | |
| Shaman Training | 2 | |
| Witch Doctor Training | 2 | |
| Ranged Weapons | 3 | |
| Envenomed Spears | 1 | |
| Liquid Fire | 1 | |
16 total
» buildings
| Altar of Storms | 1 | |
| Orc Burrow | 11 | |
| Barracks | 2 | |
| Voodoo Lounge | 1 | |
| Stronghold | 1 | |
| War Mill | 1 | |
| Great Hall | 1 | |
| Fortress | 1 | |
| Spirit Lodge | 2 | |
| Beastiary | 3 | |
24 total
» build order
00:05 Altar of Storms
00:10 Orc Burrow
00:25 Barracks
01:36 Orc Burrow
02:11 Voodoo Lounge
03:08 Stronghold
03:20 Orc Burrow
04:29 War Mill
05:38 Great Hall
06:43 Fortress
07:49 Spirit Lodge
07:51 Spirit Lodge
08:29 Orc Burrow
10:21 Orc Burrow
11:23 Orc Burrow
12:44 Orc Burrow
16:56 Barracks
17:53 Orc Burrow
34:48 Beastiary
34:50 Beastiary
34:51 Beastiary
54:08 Orc Burrow
54:35 Orc Burrow
55:25 Orc Burrow
» items
| Healing Salve | 1 | |
| Lesser Clarity Potion | 5 | |
| Potion of Mana | 1 | |
7 total

»
DeliriousKiller (
teal | 17 APM | 967 actions | 56:50)
6 Paladin
1 Divine Shield
2 Devotion Aura
2 Holy Light
1 Resurrection
» actions
| Basic commands | 2 | |
| Build / train | 64 | |
| Enter build submenu | 26 | |
| Enter hero's abilities submenu | 5 | |
| Right click | 585 | |
| Select / deselect | 242 | |
| Use ability | 43 | |
967 total
» units
| Peasant | 19 | |
| Gryphon Rider | 22 | |
| Dragonhawk Rider | 3 | |
44 total
» upgrades
| Lumber Harvesting | 2 | |
| Storm Hammers | 1 | |
| Swords | 3 | |
| Armor | 2 | |
| Cloud | 1 | |
9 total
» buildings
| Farm | 14 | |
| Altar of Kings | 1 | |
| Lumber Mill | 1 | |
| Arcane Vault | 2 | |
| Keep | 1 | |
| Castle | 1 | |
| Gryphon Aviary | 3 | |
| Blacksmith | 1 | |
| Town Hall | 3 | |
27 total
» build order
00:22 Farm
01:09 Altar of Kings
01:55 Lumber Mill
02:40 Arcane Vault
02:44 Keep
02:56 Arcane Vault
03:23 Farm
03:33 Farm
04:14 Farm
04:22 Farm
05:10 Castle
05:19 Farm
05:30 Farm
05:39 Gryphon Aviary
05:49 Gryphon Aviary
06:07 Gryphon Aviary
06:48 Blacksmith
11:40 Town Hall
13:59 Farm
14:03 Farm
14:06 Farm
28:17 Farm
28:20 Farm
28:25 Farm
28:29 Farm
33:34 Town Hall
44:19 Town Hall
» items
| Scroll of Regeneration | 1 | |
| Potion of Mana | 1 | |
2 total
team 2 (loser)

»
qp911 (
yellow | 34 APM | 1612 actions | 47:48)
4 Blood Mage
2 Flame Strike
2 Siphon Mana
4 Naga Sea Witch
2 Frost Arrows
2 Forked Lightning
» actions
| Basic commands | 128 | |
| Build / train | 78 | |
| Enter build submenu | 53 | |
| Enter hero's abilities submenu | 9 | |
| Remove unit from queue | 1 | |
| Right click | 635 | |
| Select / deselect | 612 | |
| Use ability | 96 | |
1612 total
» units
| Peasant | 15 | |
| Footman | 3 | |
| Mortar Team | 11 | |
| Siege Engine | 7 | |
36 total
» upgrades
| Gunpowder | 3 | |
| Flare | 1 | |
| Fragmentation Shards | 1 | |
| Barrage | 1 | |
| Armor | 1 | |
| Lumber Harvesting | 2 | |
| Plating | 2 | |
| Masonry | 3 | |
14 total
» buildings
| Altar of Kings | 1 | |
| Barracks | 1 | |
| Farm | 10 | |
| Lumber Mill | 2 | |
| Keep | 1 | |
| Blacksmith | 1 | |
| Castle | 1 | |
| Workshop | 3 | |
| Town Hall | 2 | |
| Scout Tower | 23 | |
| Guard Tower | 15 | |
60 total
» build order
00:08 Altar of Kings
00:12 Barracks
00:18 Farm
01:05 Farm
01:14 Lumber Mill
01:56 Farm
02:40 Farm
03:38 Keep
03:47 Farm
03:51 Blacksmith
04:31 Farm
05:16 Farm
06:01 Castle
06:32 Workshop
06:36 Workshop
06:46 Workshop
07:38 Town Hall
07:58 Farm
09:02 Farm
09:58 Farm
13:08 Town Hall
21:37 Scout Tower
21:40 Scout Tower
21:43 Scout Tower
21:48 Scout Tower
22:24 Scout Tower
22:27 Scout Tower
22:33 Scout Tower
22:38 Scout Tower
22:40 Guard Tower
22:57 Scout Tower
22:59 Scout Tower
23:01 Scout Tower
23:21 Guard Tower
23:23 Guard Tower
23:24 Guard Tower
23:32 Lumber Mill
23:44 Scout Tower
23:46 Scout Tower
23:49 Scout Tower
24:04 Guard Tower
24:05 Guard Tower
24:07 Guard Tower
24:36 Guard Tower
24:40 Scout Tower
24:55 Scout Tower
24:59 Scout Tower
25:00 Guard Tower
25:01 Guard Tower
25:04 Guard Tower
25:10 Guard Tower
25:33 Guard Tower
25:53 Scout Tower
25:56 Scout Tower
25:58 Scout Tower
26:29 Guard Tower
26:31 Scout Tower
26:34 Scout Tower
26:36 Scout Tower
27:09 Guard Tower

»
orc.king5467 (
purple | 28 APM | 1593 actions | 56:50)
7 Keeper of the Grove
3 Force of Nature
3 Thorns Aura
1 Tranquility
» actions
| Assign group hotkey | 20 | |
| Basic commands | 22 | |
| Build / train | 91 | |
| Enter build submenu | 26 | |
| Enter hero's abilities submenu | 8 | |
| Give item / drop item | 1 | |
| Remove unit from queue | 3 | |
| Right click | 542 | |
| Select / deselect | 676 | |
| Select group hotkey | 91 | |
| Use ability | 113 | |
1593 total
» units
| Wisp | 28 | |
| Archer | 9 | |
| Druid of the Claw | 23 | |
| Glaive Thrower | 3 | |
| Knight | 1 | |
| Flying Machine | 2 | |
| Peasant | 2 | |
68 total
» upgrades
| Druid of the Claw Training | 2 | |
| Ultravision | 1 | |
| Strength of the Wild | 3 | |
| Reinforced Hides | 2 | |
| Mark of the Claw | 1 | |
| Flying Machine Bombs | 1 | |
10 total
» buildings
| Altar of Elders | 1 | |
| Ancient of War | 1 | |
| Moon Well | 7 | |
| Tree of Ages | 1 | |
| Tree of Life | 3 | |
| Hunter's Hall | 1 | |
| Ancient of Lore | 3 | |
| Tree of Eternity | 1 | |
| Ancient Protector | 9 | |
27 total
» build order
00:07 Altar of Elders
00:13 Ancient of War
00:22 Moon Well
02:07 Moon Well
02:46 Moon Well
04:41 Tree of Ages
05:11 Tree of Life
05:17 Hunter's Hall
06:25 Moon Well
07:15 Ancient of Lore
07:18 Ancient of Lore
07:35 Moon Well
07:49 Tree of Eternity
10:33 Ancient of Lore
10:39 Moon Well
12:12 Moon Well
15:16 Ancient Protector
15:18 Ancient Protector
15:20 Ancient Protector
15:23 Ancient Protector
15:51 Ancient Protector
16:14 Ancient Protector
16:18 Ancient Protector
16:49 Ancient Protector
16:57 Ancient Protector
21:17 Tree of Life
28:09 Tree of Life

»
WeeTurtle (
blue | 35 APM | 2007 actions | 56:50)
10 Blademaster
3 Mirror Image
3 Critical Strike
3 Wind Walk
1 Bladestorm
4 Shadow Hunter
2 Healing Wave
2 Hex
» actions
| Assign group hotkey | 47 | |
| Basic commands | 228 | |
| Build / train | 110 | |
| Enter build submenu | 26 | |
| Enter hero's abilities submenu | 14 | |
| Right click | 617 | |
| Select / deselect | 246 | |
| Select group hotkey | 622 | |
| Use ability | 97 | |
2007 total
» units
| Peon | 30 | |
| Grunt | 7 | |
| Troll Headhunter/Berserker | 2 | |
| Wind Rider | 38 | |
| Acolyte | 1 | |
| Troll Batrider | 4 | |
82 total
» upgrades
| Ranged Weapons | 2 | |
| Armor | 2 | |
| Envenomed Spears | 1 | |
| Reinforced Defenses | 1 | |
6 total
» buildings
| Altar of Storms | 1 | |
| Orc Burrow | 8 | |
| Barracks | 1 | |
| War Mill | 2 | |
| Great Hall | 2 | |
| Stronghold | 1 | |
| Voodoo Lounge | 1 | |
| Beastiary | 2 | |
| Fortress | 1 | |
| Watch Tower | 9 | |
28 total
» build order
00:10 Altar of Storms
00:13 Orc Burrow
00:31 Barracks
01:45 Orc Burrow
02:39 War Mill
04:56 Orc Burrow
05:06 Great Hall
05:28 Stronghold
05:52 Voodoo Lounge
07:03 Orc Burrow
08:12 War Mill
08:25 Beastiary
09:41 Beastiary
09:45 Orc Burrow
10:10 Fortress
10:58 Orc Burrow
11:21 Watch Tower
12:04 Orc Burrow
12:29 Watch Tower
13:16 Orc Burrow
13:37 Watch Tower
14:20 Watch Tower
17:55 Watch Tower
19:13 Watch Tower
19:18 Watch Tower
20:19 Great Hall
20:29 Watch Tower
23:30 Watch Tower
» items
| Healing Salve | 1 | |
| Scroll of Town Portal | 2 | |
| Orb of Lightning | 1 | |
4 total
gamer11 (
green | 46 APM | 1859 actions | 40:42)
7 Dreadlord
3 Vampiric Aura
3 Sleep
1 Inferno
8 Death Knight
3 Death Coil
3 Unholy Aura
1 Animate Dead
1 Death Pact
» actions
| Assign group hotkey | 21 | |
| Basic commands | 380 | |
| Build / train | 68 | |
| ESC pressed | 8 | |
| Enter build submenu | 22 | |
| Enter hero's abilities submenu | 15 | |
| Give item / drop item | 1 | |
| Right click | 554 | |
| Select / deselect | 348 | |
| Select group hotkey | 330 | |
| Use ability | 112 | |
1859 total
» units
| Acolyte | 8 | |
| Ghoul | 6 | |
| Crypt Fiend | 8 | |
| Obsidian Statue | 4 | |
| Frost Wyrm | 2 | |
28 total
» upgrades
| Cannibalize | 1 | |
| Creature Carapace | 4 | |
| Creature Attack | 3 | |
| Web | 1 | |
| Destroyer Form | 1 | |
| Freezing Breath | 1 | |
| Burrow | 1 | |
12 total
» buildings
| Crypt | 1 | |
| Ziggurat | 9 | |
| Altar of Darkness | 1 | |
| Graveyard | 1 | |
| Nerubian Tower | 1 | |
| Halls of the Dead | 1 | |
| Tomb of Relics | 1 | |
| Spirit Tower | 5 | |
| Black Citadel | 1 | |
| Slaughterhouse | 1 | |
| Sacrificial Pit | 1 | |
| Boneyard | 3 | |
26 total
» build order
00:08 Crypt
00:18 Ziggurat
00:38 Altar of Darkness
01:04 Graveyard
01:56 Ziggurat
01:59 Nerubian Tower
02:30 Ziggurat
04:10 Halls of the Dead
04:22 Tomb of Relics
04:40 Spirit Tower
04:40 Spirit Tower
04:40 Spirit Tower
05:22 Ziggurat
07:33 Black Citadel
08:18 Slaughterhouse
08:37 Spirit Tower
09:48 Ziggurat
09:50 Ziggurat
10:34 Sacrificial Pit
11:54 Boneyard
11:55 Boneyard
11:59 Boneyard
17:18 Ziggurat
17:25 Ziggurat
27:15 Ziggurat
31:22 Spirit Tower
» items
| Orb of Corruption | 1 | |
| Scroll of Town Portal | 1 | |
2 total
Chat log
(00:19 / Allies) 12ancor: I HATE THIS MAP
(00:22 / Allies) dumb_retard: so leave
(00:28 / Allies) dumb_retard: rancor
(00:31 / Allies) dumb_retard: wanna tower the halfway point
(00:34 / Allies) dumb_retard: and try to stalemate?
(00:35 / Allies) 12ancor: WHY U HAVE TO MAKE ME FEEL UNWELCOME
(00:46 / All) 12ancor: I
(00:49 / Allies) 12ancor: ITS NOT NICE
(01:46 / Allies) dah.pain: want to harass?
(02:03 / Allies) 12ancor: map too big for that
(02:11 / Allies) 12ancor: creep w me
(04:06 / Allies) dah.pain: lol?
(04:07 / Allies) 12ancor: oops
(10:30 / Allies) dah.pain: lumber
(10:31 / Allies) dah.pain: please
(11:27 / Allies) 12ancor: can i have that expo pls
(11:27 / Allies) DeliriousKiller: NO
(11:29 / Allies) DeliriousKiller: Orange
(11:57 / Allies) 12ancor: ill counter
(12:21 / Allies) DeliriousKiller: one of you guys should have given orange one
(12:32 / Allies) dumb_retard: like thta one?
(12:41 / Allies) DeliriousKiller: yep
(13:50 / Allies) dumb_retard: if they roll over my tower wall
(13:53 / Allies) dumb_retard: they will win easy
(13:58 / Allies) dumb_retard: the tower wall is end game
(14:15 / Allies) dah.pain: lumber
(14:16 / Allies) dah.pain: please
(14:23 / Allies) DeliriousKiller: actually with you with no units, its not
(14:27 / Allies) 12ancor: coming
(14:45 / Allies) 12ancor: actually ill go other side
(14:47 / Allies) dumb_retard: lol nice tier 1
(14:49 / Allies) 12ancor: and take one of their bases
(14:50 / Allies) dumb_retard: good thing YOU have units
(14:52 / Allies) dumb_retard: MIGHTY
(14:53 / Allies) dumb_retard: GRUNTS
(15:47 / Allies) dumb_retard: NEED MORE GRUNTS
(16:04 / Allies) DeliriousKiller: gg
(16:19 / Allies) DeliriousKiller: you truely live up to your name
(18:09 / Allies) dah.pain: meet
(19:03 / Allies) dumb_retard: need more grutns
(19:06 / Allies) dumb_retard: they have wyrms
(19:23 / Allies) DeliriousKiller: Im goign after their mains
(19:47 / Allies) dumb_retard: back to towers
(19:49 / Allies) dumb_retard: we were doing better there
(20:01 / Allies) 12ancor: get backl
(21:37 / Allies) dah.pain: WOW PINK
(21:39 / Allies) dah.pain: SHARE THE GOLD
(21:51 / Allies) 12ancor: yea dude
(21:56 / Allies) 12ancor: so i can get some siege tank action goin
(22:00 / Allies) 12ancor: or u get siege tanks
(22:03 / Allies) 12ancor: and ill get mortars
(22:15 / Allies) dah.pain: seriouslly
(22:17 / Allies) dah.pain: share gold
(22:18 / Allies) dah.pain: pink
(22:35 / Allies) dumb_retard: stop losing units and you wont need gold
(22:46 / Allies) DeliriousKiller: dude look at you... stfu
(22:50 / Allies) dah.pain: what u want us just to stand near the towers the whole game?
(22:55 / Allies) DeliriousKiller: pink retard we cant winlike this
(23:01 / Allies) dumb_retard: that easy target
(23:03 / Allies) dumb_retard: if u hit and run
(23:05 / Allies) dumb_retard: keyword run
(23:42 / Allies) dah.pain: yea now frosties will kick ur ass
(24:01 / Allies) DeliriousKiller: typical
(24:52 / Allies) 12ancor: r u goin to build stuf wioth ur gold
(24:56 / Allies) 12ancor: or r u playing tower defense
(25:03 / Allies) dumb_retard: so far everyone on this team that built units
(25:06 / Allies) dumb_retard: only fed the enemies heros
(25:08 / Allies) dumb_retard: so i better not
(25:10 / Allies) dumb_retard: or theyll get level 12
(25:22 / All) dah.pain: pink has 7k gold
(25:25 / All) dah.pain: and won't share
(25:26 / Allies) DeliriousKiller: dude make units... not fuckign weak towers
(25:28 / All) dah.pain: why should i stay
(25:30 / All) dah.pain: in this game
(25:32 / Allies) dumb_retard: my towers live
(25:32 / All) dah.pain: tell me
(25:33 / Allies) dumb_retard: ur untis die
(25:35 / All) dah.pain: btw, pink has no units
(25:36 / All) gamer11: i know your pain
(25:54 / All) DeliriousKiller: pink lives up to his name... 1000000%
(27:04 / Allies) DeliriousKiller: only chance we have is a push together to grab those two mines
(27:08 / Allies) DeliriousKiller: outside that we done
(27:13 / Allies) dumb_retard: if you make bats
(27:15 / Allies) dumb_retard: ill invis them
(27:17 / Allies) dumb_retard: adn u can kill his wyrms
(27:55 / Allies) dah.pain: now i have no gold
(27:56 / Allies) dah.pain: at all
(28:13 / Allies) dumb_retard: they must be short on gold too
(28:18 / Allies) dumb_retard: theyve been sitting aroudn with over 80 food
(28:49 / Allies) 12ancor: im goiin to tp in
(28:54 / Allies) 12ancor: i got lvl 6
(29:14 / Allies) dumb_retard: heal wards dont stack lol
(29:46 / Allies) dumb_retard: seomeon hunt that damn bm down
(30:02 / Allies) dumb_retard: ill make a gyro and follow the bm
(30:03 / Allies) DeliriousKiller: im 2 seconds away fromleaving
(30:06 / Allies) dumb_retard: gyros can see invisible
(30:13 / Allies) dah.pain: same teal
(30:49 / Allies) dumb_retard: i have invis scout
(32:37 / Allies) dumb_retard: if u guys get under 50 food
(32:40 / Allies) dumb_retard: and you want to make GOOD units
(32:43 / Allies) dumb_retard: i will gold you
(32:48 / Allies) dumb_retard: bvut for grunts and mortars... nothing
(33:00 / Allies) dumb_retard: units i will pay you gold for:
(33:02 / Allies) dumb_retard: taurns with lust
(33:04 / Allies) dumb_retard: gryphons
(33:07 / Allies) dumb_retard: wyverns
(33:09 / Allies) dumb_retard: bat riders
(33:14 / Allies) dumb_retard: any takers?
(34:23 / Allies) dumb_retard: make gryphons
(34:24 / Allies) dumb_retard: and keep them alive
(34:25 / All) dah.pain: good game, lucky u guys pink is a jerk
(34:31 / All) dah.pain: has 10k gold
(34:33 / Allies) dumb_retard: mass wyverns
(34:34 / All) dah.pain: and no share
(34:58 / Allies) 12ancor: gold
(35:19 / Allies) 12ancor: need knights
(35:19 / Allies) dumb_retard: i guarantee you they are broke now
(35:33 / Allies) 12ancor: yea
(35:35 / Allies) 12ancor: u did good
(37:51 / Allies) DeliriousKiller: I cant believe pink did this to us
(38:17 / Allies) dumb_retard: wyvs rape gryphs
(38:17 / Allies) dumb_retard: rofl
(38:19 / Allies) dumb_retard: good call
(38:56 / Allies) dumb_retard: u arent even trying anymore
(39:00 / Allies) dumb_retard: you just want to die so its over with
(39:09 / Allies) 12ancor: im really reallhy high
(39:11 / Allies) 12ancor: im sorry
(39:25 / Allies) DeliriousKiller: Pink pls just stfu your useless
(39:33 / Allies) 12ancor: leme get more gold yo
(39:48 / Allies) dumb_retard: i gave you several thosuand and you used it
(39:50 / Allies) dumb_retard: ocne again
(39:53 / Allies) dumb_retard: to lvel up the enemy heros
(40:03 / Allies) dumb_retard: whoever killst hat blademaster
(40:05 / Allies) dumb_retard: gets 5000 gold
(40:05 / Allies) 12ancor: they were too fast
(40:06 / Allies) dumb_retard: ok?
(40:07 / Allies) dumb_retard: KILL THE BM
(40:09 / Allies) dumb_retard: AND I GIVE YOU
(40:10 / Allies) dumb_retard: 5000 GOLD
(40:14 / Allies) dumb_retard: 5000 GOLD BOUNTY
(40:15 / Allies) dumb_retard: ON ENEMY BM
(40:34 / Allies) 12ancor: ur like some kind of warcraft rockefeller
(41:07 / Allies) dumb_retard: THATS 5000 GOLD
(41:08 / Allies) dumb_retard: RUNNING AROUND
(41:10 / Allies) dumb_retard: KILIN GYOUR MAIN
(41:13 / Allies) dumb_retard: WHY DONT YOU GO GET IT
(41:23 / Allies) dah.pain: cuz i hate u?
(41:29 / Allies) 12ancor: need gyros
(41:36 / Allies) 12ancor: gime gold for gyros
(42:24 / Allies) dumb_retard: CAN U HEAL ME
(42:26 / Allies) dumb_retard: WITH UR PALLY
(42:38 / Allies) 12ancor: where r u
(42:40 / Allies) dumb_retard: LEVEL 1 HEAL
(42:41 / Allies) dumb_retard: A JOKE?
(42:48 / Allies) dumb_retard: TY
(42:50 / Allies) 12ancor: i have lvl 3
(42:57 / Allies) dumb_retard: 200 GOLD FOR A HEAL
(42:58 / Allies) DeliriousKiller: Dude if I could I would beat the fuck out of you, now stfu
(43:18 / Allies) 12ancor: he's the gold pimp
(43:25 / Allies) dah.pain: gold me pink
(43:27 / Allies) 12ancor: 500 gold for suckin his dick
(44:26 / Allies) 12ancor: need some witch doctors
(44:30 / Allies) 12ancor: with sentries
(44:31 / Allies) 12ancor: man
(44:40 / Allies) 12ancor: u need gold?
(44:43 / Allies) 12ancor: ill giv eu gold
(44:50 / Allies) dumb_retard: I GAve him some
(45:22 / Allies) dah.pain: gold me for bats
(45:30 / Allies) dumb_retard: they have no air left
(45:34 / Allies) 12ancor: k
(45:35 / Allies) dumb_retard: the tiem for that was 20 minutes ago
(45:37 / Allies) 12ancor: ill atack then
(45:40 / Allies) dah.pain: it's for structures
(45:55 / Allies) DeliriousKiller: burrow red'
(46:00 / Allies) dumb_retard: 5000 bonus on the bm
(46:02 / Allies) dumb_retard: i give out no more gold
(46:04 / Allies) dumb_retard: except for that
(46:27 / Allies) DeliriousKiller: damn pink, just when you cant be more of an asshole, you are
(46:34 / Allies) DeliriousKiller: YOu must be a pleasure to know in rl
(46:34 / Allies) dumb_retard: how is it an asshole move
(46:37 / Allies) dumb_retard: to tell you to kill ONE unit
(46:42 / Allies) dumb_retard: after giving you thousands already
(46:43 / Allies) DeliriousKiller: because we could be done with this
(46:49 / Allies) DeliriousKiller: YOu gave me shit
(47:06 / Allies) dumb_retard: i gave one of you
(47:06 / Allies) dah.pain: omw with 3 bats
(47:07 / Allies) dumb_retard: 2000 gold
(47:11 / Allies) dumb_retard: and that twas the LEAST
(47:13 / Allies) dumb_retard: i gave anyone
(47:25 / Allies) DeliriousKiller: any we a team, so whats your point asshole
(47:28 / Allies) DeliriousKiller: you have no units
(47:29 / Allies) dumb_retard: with 2000 gold u can get a gyro for invis sight, hex master, bolt master,m raider with ensnare
(47:29 / Allies) dumb_retard: etc etc
(47:34 / Allies) DeliriousKiller: and cant attack with fuckign towers
(47:38 / Allies) DeliriousKiller: shcmuck
(48:16 / Allies) dumb_retard: well delerious is the only one iwth a mine now
(48:23 / Allies) dumb_retard: maybe he can gold u
(48:27 / Allies) DeliriousKiller: no thanks to you
(48:31 / Allies) DeliriousKiller: stfu
(48:38 / Allies) dumb_retard: u know
(48:40 / Allies) dumb_retard: when it was tiem to fight
(48:42 / Allies) dumb_retard: they had wyrms
(48:42 / Allies) dumb_retard: taurens
(48:43 / Allies) dumb_retard: lust
(48:43 / Allies) 12ancor: i rocked
(48:44 / Allies) dumb_retard: bears
(48:45 / Allies) dumb_retard: mortars
(48:46 / Allies) dumb_retard: and we haed
(48:49 / Allies) dumb_retard: grunts and casters
(48:52 / Allies) 12ancor: gime wood
(48:59 / Allies) DeliriousKiller: dude I wish I coudl mute you
(48:59 / Allies) dumb_retard: we would have lost
(49:02 / Allies) dumb_retard: even if i had massed gryphons
(49:04 / Allies) dumb_retard: instead of this
(49:06 / Allies) DeliriousKiller: you are such a fuckign loser its not funny
(49:57 / Allies) dumb_retard: i wonder how many units i killed this game
(49:58 / Allies) dah.pain: blue next
(50:11 / Allies) DeliriousKiller: doesnt matter
(50:16 / Allies) DeliriousKiller: your a stationary prick
(50:16 / All) dumb_retard: hey blue
(50:18 / All) dumb_retard: i told my team
(50:20 / All) dumb_retard: if they kill your bm
(50:23 / All) dumb_retard: i give whoever kills it
(50:25 / All) dumb_retard: 5000 gold
(50:29 / All) dumb_retard: and they dont even wanna try
(50:31 / All) dumb_retard: for 5000 gold
(50:35 / All) dumb_retard: you are a god to them
(53:00 / Allies) dumb_retard: this was a great game
(53:05 / Allies) dah.pain: lol
(53:12 / Allies) DeliriousKiller: this was the worst one ive had in a long time
(53:19 / Allies) DeliriousKiller: due to an asshoel with shit for brains
(53:20 / Allies) dah.pain: true
(53:25 / Allies) DeliriousKiller: total waste of fuckign time
(53:50 / Allies) dah.pain: wood
(53:51 / Allies) dah.pain: please
(53:53 / Allies) DeliriousKiller: he gives me 7000 lumber
(55:13 / All) 12ancor: u were just playing dota the whole time
(56:41 / All) dumb_retard: bm noob down
(56:43 / All) dumb_retard: pro tower master up